[Event "*** Titled Tuesday Blitz"]
[Site "Chess.com"]
[Date "2020.05.05"]
[Round "10"]
[White "Ariadna_Atreides"]
[Black "ZarinaShafigullina"]
[Result "0-1"]
[WhiteElo "2008"]
[BlackElo "2245"]
[TimeControl "180+1"]
[EndTime "12:00:49 PDT"]
[Termination "ZarinaShafigullina won on time"]

1. d4 Nf6 2. Nf3 e6 3. e3 c5 4.
Bd3 Nc6 5. O-O Nb4 6. Be2 Be7 7. a3 Nbd5 8. c4 Nc7 9. b3 d5 10. Bb2 O-O 11. Nbd2 b6 12. dxc5 bxc5 13. cxd5 exd5 14. Rc1 Rb8 15. Bxf6 gxf6 16. Qc2 Kh8 17. Bd3 h6 18. Bf5 Rg8 19. Bxc8 Qxc8 20. Kh1 Qg4 21. Rg1 Ne6 22.
Qd3 Qh5 23. Qe2 Ng5 24. Rce1 Bd6 25. g3 Ne4 26. Nxe4 dxe4 27. Nd2 Qxe2 28. Rxe2 f5 29. Nc4 Be7 30. Rb1 Kg7 31. Rd2 Rgd8 32. Kg1 Rxd2 33. Nxd2 Rd8 34. Nc4 Bf6 35. Kf1 Rd3 36. Ke2 Rc3 37.
Nd6 Rc2+ 38. Kf1 Kg6 39. g4 fxg4 40. Nxe4 Bh4 41. b4 cxb4 42. axb4 f5 43. Ng3 Be7 44.
b5 h5 45. b6 axb6 46. Rxb6+ Bf6 47. Nxh5 Kxh5 48. Rxf6 Kg5 49. Rf8 Rd2 50. Kg2 Rc2 51.
Kg3 Rc1 52. Kg2 Rc2 53. Rd8 Rc1 54. Rd5 Kf6 55. h3 gxh3+ 56. Kxh3 Ke6 57. Ra5 Rf1 58. Kg3 Rg1+ 59. Kf3 Rg4 60. Ra6+ Kf7 61. Ke2 Rc4 62.
Kf3 Rb4 63. Ra5 Kf6 64. Ra6+ Kg5 65. Ra8 Rb3 66. Ke2 Rb2+ 0-1

[Event "*** Titled Tuesday Blitz"]
[Site "Chess.com"]
[Date "2020.05.05"]
[Round "10"]
[White "Al_Shima"]
[Black "wild_cat99"]
[Result "1/2-1/2"]
[WhiteElo "2459"]
[BlackElo "2568"]
[TimeControl "180+1"]
[EndTime "12:00:55 PDT"]
[Termination "Game drawn by stalemate"]

1. b3 Nf6 2. Bb2 g6 3. Bxf6 exf6 4. c4 Bg7 5. Nc3 f5 6. g3 O-O 7. Bg2 d6 8. e3 Bxc3 9. dxc3 c6 10. Qd2 Qa5 11.
Ne2 Rd8 12. a4 Be6 13. h4 h5 14. O-O Na6 15. Rfd1 Qb6 16. Qc2 d5 17. cxd5 Bxd5 18. b4 Bxg2 19. Kxg2 c5 20. b5 Nc7 21. c4 a6 22. a5 Qf6 23. b6 Ne8 24. Nf4 Qe5 25.
Nd5 Rd6 26. Qe2 Rad8 27. Ra2 Kg7 28. Rad2 Qe4+ 29. f3 Qe5 30. e4 Nf6 31. exf5 Qxe2+ 32. Rxe2 gxf5 33. Re7 Nxd5 34. Rxd5 Rxd5 35. cxd5 Rxd5 36. Rxb7 c4 37. Rc7 Rxa5 38. Rxc4 Rb5 39. Rc6 a5 40.
Kf2 Rb3 41. Rc5 Rxb6 42. Rxa5 Kg6 43. Ra4 Rb3 44. Ke2 f6 45. Rc4 Rb2+ 46. Ke3 Rb3+ 47. Kf4 Rb5 48. Rd4 Ra5 49. Rb4 Rc5 50. Rb8 Re5 51. Rg8+ Kf7 52. Rh8 Kg6 53. Rd8 Ra5 54. Rg8+ Kh7 55. Rb8 Kg6 56. Rb7 Ra4+ 57. Ke3 Ra3+ 58.
Kf2 Ra2+ 59. Kg1 f4 60. g4 hxg4 61. fxg4 f3 62. Rb3 Ra4 63. Rxf3 Rxg4+ 64. Kf2 Rxh4 65. Rg3+ Kf5 66. Kf3 Rf4+ 67. Ke3 Re4+ 68. Kf2 Ra4 69. Rf3+ Rf4 70. Kg3 Rxf3+ 71. Kxf3 Kg5 72. Kg3 Kf5 73.
Kf3 Ke5 74. Ke3 f5 75. Kf3 f4 76. Kf2 Kf5 77. Kf3 Ke5 78. Kf2 Ke4 79. Ke2 f3+ 80.
Kf2 Kf4 81. Kf1 Ke3 82. Ke1 f2+ 83. Kf1 Kf3 1/2-1/2

[Event "*** Titled Tuesday Blitz"]
[Site "Chess.com"]
[Date "2020.05.05"]
[Round "10"]
[White "CSB7"]
[Black "Gabrielian_Artur"]
[Result "1-0"]
[WhiteElo "2554"]
[BlackElo "2695"]
[TimeControl "180+1"]
[EndTime "12:01:00 PDT"]
[Termination "CSB7 won by resignation"]

1. e4 c5 2. Nf3 d6 3. d4 cxd4 4. Nxd4 Nf6 5. Nc3 Nc6 6. f3 e5 7. Nb3 Be6 8. Be3 Be7 9. Nd5 Bxd5 10. exd5 Nb4 11. c4 a5 12. Qd2 b6 13. Be2 O-O 14. O-O Nd7 15. Nc1 f5 16. a3 Na6 17. b4 h6 18. Nd3 Rc8 19. Rac1 axb4 20. axb4 Kh8 21. f4 e4 22. Ne1 Ra8 23. Nc2 Bf6 24. Nd4 Bxd4 25.
Bxd4 Qe7 26. Rc3 Nf6 27. Rg3 Qc7 28. Rc1 Rf7 29. Ra3 Rff8 30. Rca1 Qb7 31. Qa2 Nc7 32. Ra7 Qb8 33. Rxa8 Nxa8 34. Qa7 Qd8 35. Qb7 Rg8 36.
Bxf6 Qxf6 37. Rxa8 Qd4+ 38. Kf1 Rxa8 39. Qxa8+ Kh7 40.
Qa2 Qc3 41. Qb1 Qd2 42. Qd1 Qxf4+ 43. Kg1 Qe3+ 44. Kh1 f4 45. Qf1 g5 46. h3 Kg6 47.
Bg4 h5 48. Be2 Kf6 49. Bxh5 Ke5 50. Qa1+ Kf5 51. Bg4+ Kg6 52. Qd1 Qc3 53. Be2 Qxb4 54. Bf1 Qc3 55. Qg4 Qe5 56. Qe6+ Qxe6 57. dxe6 Kf6 58.
g3 Kxe6 59. gxf4 gxf4 60. Kg2 Kf5 61. Kf2 Kg5 62. Be2 f3 63. Bxf3 exf3 64. Kxf3 Kh4 65.
Ke4 Kxh3 66. Kd5 Kg4 67. Kxd6 Kf5 68. Kc6 Ke6 69. Kxb6 Kd7 70. c5 Kd8 71. Kb7 Kd7 72. c6+ 1-0

[Event "*** Titled Tuesday Blitz"]
[Site "Chess.com"]
[Date "2020.05.05"]
[Round "10"]
[White "Yaacovn"]
[Black "fmshawnrl123"]
[Result "1/2-1/2"]
[WhiteElo "2857"]
[BlackElo "2722"]
[TimeControl "180+1"]
[EndTime "12:01:14 PDT"]
[Termination "Game drawn by repetition"]

1. d4 Nf6 2. Nf3 d5 3. c4 e6 4. Bg5 Bb4+ 5. Nc3 h6 6. Bxf6 Qxf6 7. Qa4+ Nc6 8. e3 O-O 9. cxd5 exd5 10. Bb5 Bxc3+ 11.
bxc3 Ne7 12. O-O c6 13. Be2 Nf5 14. Rab1 Nd6 15. Ne5 Bf5 16. Rb2 Rfe8 17. Qa3 Re6 18. c4 dxc4 19. Nxc4 Nxc4 20. Bxc4 Re7 21. Bd3 Bxd3 22.
Qxd3 c5 23. Rd2 cxd4 24. Qxd4 Qxd4 25. Rxd4 b5 26. Rb1 a6 27. g4 g6 28. Kg2 Re6 29. h4 Kg7 30. Kg3 Rc8 31. a4 bxa4 32. Rxa4 Rcc6 33.
Rba1 Rb6 34. Ra5 Rbc6 35. h5 g5 36. R5a4 Rb6 37. R1a2 Rbc6 38. Ra5 Rb6 39. Rc5 Rbc6 40. Rf5 Rf6 41. Rfa5 Rb6 42. Rd2 Rb5 43. Ra4 Rbb6 44. Rd5 Rfd6 45. Rxd6 Rxd6 46. f3 Re6 47. Ra5 Rxe3 48.
Rxa6 Re2 49. Ra5 Rb2 50. Ra3 Rc2 51. Ra4 Rb2 52. Re4 Rc2 53. Re1 Rb2 54. Rc1 Ra2 55.
Rc3 Rb2 56. f4 gxf4+ 57. Kxf4 Rb4+ 58. Kg3 Rb5 59. Rf3 Ra5 60. Kh4 Rb5 61. Rf2 Ra5 62.
Rb2 Ra4 63. Rb5 Ra3 64. Rf5 Rb3 65. Rf2 Rb4 66. Rf5 Rb3 67. Rf4 Ra3 68. Rb4 Ra5 69. Rc4 Rd5 70. Re4 Rc5 71. Re7 Rb5 72. Ra7 Rc5 73. Kg3 Rb5 74. Ra4 Rb3+ 75. Kf4 Rb5 76. Re4 Rb6 77. Re5 Rf6+ 78. Kg3 Rb6 79. Rc5 Rb3+ 80. Kf4 Rb4+ 81. Kf5 Rb1 82. Rc4 Rf1+ 83. Ke5 Re1+ 84. Kf5 Rf1+ 85. Ke5 Re1+ 86. Kf4 Rf1+ 87. Kg3 Rg1+ 88. Kf2 Ra1 89. Rf4 Ra3 90. Kg2 Rb3 91.
Rf5 Ra3 92. Rf1 Rb3 93. Rf5 Ra3 94. Kf2 Rb3 95. Rc5 Ra3 96. Rd5 Rb3 97. Re5 Ra3 98. Rb5 Rc3 99. Rb4 Ra3 100. Rc4 Rd3 101. Rc5 Ra3 102. Rc4 Rb3 103. Rc5 Ra3 1/2-1/2

[Event "*** Titled Tuesday Blitz"]
[Site "Chess.com"]
[Date "2020.05.05"]
[Round "10"]
[White "Nikithebest"]
[Black "AndrewDGreen"]
[Result "1/2-1/2"]
[WhiteElo "2425"]
[BlackElo "2292"]
[TimeControl "180+1"]
[EndTime "12:01:15 PDT"]
[Termination "Game drawn - insufficient material"]

1. e4 c5 2. Nf3 g6 3. d4 cxd4 4.
Bc4 Bg7 5. O-O Nc6 6. c3 e6 7.
cxd4 d5 8. exd5 exd5 9. Re1+ Nge7 10. Bb3 O-O 11. Bg5 h6 12. Bh4 g5 13. Bg3 Nf5 14. Be5 Be6 15. Nc3 Rc8 16. Bxg7 Kxg7 17. Qd2 g4 18. Ne5 Ncxd4 19. Nxg4 Qh4 20. Ne3 Nxb3 21. axb3 d4 22. Nxf5+ Bxf5 23. Nd5 Rc2 24. Qf4 Qxf4 25. Nxf4 a6 26. Nh5+ Kg6 27. Ng3 Rd8 28. Nxf5 Kxf5 29. Red1 Rxb2 30. Rd3 Ke4 31. Rad1 a5 32. f3+ Ke5 33. Re1+ Kd5 34. Re4 Kc5 35. Rf4 Rd7 36. Rf5+ Kb4 37. Kf1 b5 38. Ke1 a4 39.
bxa4 bxa4 40. Rf6 a3 41. Ra6 a2 42. Rda3 Rb1+ 43. Kd2 Rb2+ 44. Kd1 Rxg2 45. R6a4+ Kc5 46. Ra5+ Kd6 47. Rxa2 Rxa2 48. Rxa2 Ke5 49. Ke2 Kf4 50. Ra6 f5 51. Rxh6 d3+ 52. Kd2 Kxf3 53. Rh3+ Ke4 54. Re3+ Kf4 55. Re1 Kg4 56. Rg1+ Kh3 57. Rf1 Rd5 58.
Rf2 Kg4 59. Rf1 f4 60. Rg1+ Kf5 61. h4 Ke4 62. Re1+ Kd4 63. Rf1 Rf5 64. h5 f3 65.
h6 Ke4 66. Re1+ Kf4 67. Kxd3 Rh5 68. Re6 Kg3 69. Rg6+ Kf2 70. Kd2 Kf1 71. Rf6 f2 72. Ke3 Re5+ 73. Kf3 Ke1 74. Kg2 Rg5+ 75. Kh3 f1=Q+ 76.
Rxf1+ Kxf1 77. Kh4 Rg6 78. Kh5 Rg2 79. h7 Rh2+ 80. Kg6 Kg2 81. Kg7 Kg3 82. h8=Q Rxh8 83. Kxh8 1/2-1/2

[Event "*** Titled Tuesday Blitz"]
[Site "Chess.com"]
[Date "2020.05.05"]
[Round "10"]
[White "mrkvoz"]
[Black "vpsetter"]
[Result "0-1"]
[WhiteElo "2822"]
[BlackElo "2664"]
[TimeControl "180+1"]
[EndTime "12:01:19 PDT"]
[Termination "vpsetter won on time"]

1. e4 e5 2. Nf3 Nc6 3. d4 exd4 4. Nxd4 Nf6 5. Nxc6 bxc6 6. Bd3 d5 7. exd5 cxd5 8.
O-O Be7 9. c4 O-O 10. cxd5 Qxd5 11. Nc3 Qd7 12. Bg5 Rd8 13. Qf3 Rb8 14. Rad1 Qg4 15.
Qxg4 Bxg4 16. f3 Be6 17. b3 h6 18. Be3 a5 19. Be2 Bb4 20. Na4 Nd5 21. Ba7 Ra8 22. Bf2 Nf4 23. Bb5 Rd6 24. Rxd6 cxd6 25. Rc1 Rb8 26.
Bf1 Nd5 27. Bd3 Bd7 28. Bc4 Nf4 29. Nb6 Be6 30. Bxe6 Ne2+ 31. Kf1 Nxc1 32. Bc4 Nxa2 33. Nd5 Rb7 34. Ba6 Rb8 35. Ne7+ Kf8 36. Nc6 Re8 37. Bb5 Nc3 38. Bd3 Nd1 39. Bb6 Ne3+ 40. Kf2 Bc5 41. Bxc5 dxc5 42. Nxa5 Nd5 43. Bc4 Nb6 44. Nb7 Nxc4 45. bxc4 Re5 46. f4 Re4 47. Nxc5 Rxf4+ 48. Ke3 Rxc4 49. Nd7+ Ke7 50. Ne5 Ra4 51. Nf3 g5 52. h3 Kf6 53. Nh2 Ra3+ 54. Kf2 Kg6 55.
Ng4 Ra5 56. Ne3 f5 57. g4 f4 58. Nc4 Rc5 59. Nd6 Rc3 60. Kg2 Rg3+ 61. Kh2 Re3 62. Nf5 Re5 63. Nd4 h5 64. Kg2 hxg4 65. hxg4 Re3 66.
Nf3 Kf6 67. Kf2 Rc3 68. Ke2 Re3+ 69. Kf2 Rxf3+ 70. Kxf3 Ke5 71. Ke2 Ke4 72. Kf2 f3 73. Kg3 Ke3 0-1

[Event "*** Titled Tuesday Blitz"]
[Site "Chess.com"]
[Date "2020.05.05"]
[Round "10"]
[White "Shukh_Nikolay"]
[Black "abubakrtagelsir"]
[Result "1/2-1/2"]
[WhiteElo "2508"]
[BlackElo "2357"]
[TimeControl "180+1"]
[EndTime "12:01:19 PDT"]
[Termination "Game drawn by repetition"]

1. e4 d6 2. d4 Nf6 3. Nc3 g6 4.
Be3 c6 5. f3 Nbd7 6. Qd2 b5 7. h4 h5 8. Nh3 Nb6 9. Ng5 Bg7 10.
O-O-O Rb8 11. Bd3 Nc4 12. Bxc4 bxc4 13. e5 Nd5 14. Nxd5 cxd5 15. exd6 exd6 16. Bf4 Qb6 17. Qc3 O-O 18. Rhe1 a5 19. a3 Rb7 20. Re2 Bd7 21.
Kb1 Rfb8 22. Bc1 Bf6 23. g3 Bg7 24. Rg2 f6 25. g4 fxg5 26. gxh5 gxh4 27. Rxg6 Kh7 28.
Rxg7+ Kxg7 29. Rg1+ Kf7 30. Qe3 Be6 31. Qh6 Ke7 32. Re1 Kd7 33. Qxe6+ Kc6 34. c3 Qd8 35. h6 Qd7 36. Qg6 Qh7 37. Qxh7 Rxh7 38. Rh1 Rbh8 39. Rxh4 Kd7 40. Kc2 Ke6 41. Bd2 Rf8 42. Rh3 Rf5 43. Kd1 Kf6 44. Ke2 Kg6 45. Rg3+ Kf7 46. Be3 Kf6 47. Rg8 Kf7 48. Rb8 Rh5 49. Rb5 Rh2+ 50. Kf1 Ke6 51. Bf4 Rc2 52. Ke1 Kf5 53. Bd2 Ke6 54.
Kd1 Rxd2+ 55. Kxd2 Rxh6 56. Rxa5 Rh2+ 57. Kc1 Rf2 58.
Rb5 Rxf3 59. a4 Rf8 60. Kb1 Ra8 61. Rb4 Kd7 62. Ka2 Kc6 63. Ka3 Rh8 64. a5 Rh1 65. Rb6+ Kc7 66. Ka4 Rb1 67. Rb4 Kc6 68. Rb6+ Kc7 69.
Ka3 Ra1+ 70. Kb4 Rb1 71. Ka4 Ra1+ 72. Kb5 Rb1 73. Ka6 Ra1 74. Rb5 Kc6 75. Rb6+ Kc7 76.
Kb5 Ra2 77. Ka6 Ra1 1/2-1/2

[Event "*** Titled Tuesday Blitz"]
[Site "Chess.com"]
[Date "2020.05.05"]
[Round "10"]
[White "ama18"]
[Black "ChessQueen"]
[Result "1/2-1/2"]
[WhiteElo "2499"]
[BlackElo "2667"]
[TimeControl "180+1"]
[EndTime "12:01:22 PDT"]
[Termination "Game drawn by repetition"]

1. e4 c6 2. Nc3 d5 3. Nf3 dxe4 4. Nxe4 Nf6 5. Qe2 Nxe4 6. Qxe4 Nd7 7. Bc4 Nf6 8. Ne5 e6 9. Qe3 Bd6 10. d4 O-O 11.
O-O Qc7 12. c3 c5 13. Bb3 b5 14. a4 bxa4 15. Bxa4 Bb7 16. h3 cxd4 17. cxd4 Rfd8 18.
Bd2 Nd5 19. Qe2 Qb6 20. Nc4 Qxd4 21. Nxd6 Rxd6 22. Rfd1 Qf6 23. f3 Rad8 24. Qf2 Nb6 25. Bc3 Rxd1+ 26. Rxd1 Rxd1+ 27. Bxd1 Qd8 28. Be2 f6 29.
Qc5 Qc8 30. Qd6 Bd5 31. Bb4 h6 32. Bc5 Nc4 33. Bxc4 Bxc4 34. Bxa7 Bd5 35. Bc5 Qa8 36. b4 Qa1+ 37. Kh2 Qb2 38. Qg3 e5 39. Be7 Kf7 40.
Bc5 h5 41. Qf2 Qb3 42. Qe3 Qc2 43. Qf2 Qc4 44. Kg1 g5 45. Kh2 Qf4+ 46. Qg3 Qc4 47. Qf2 g4 48. hxg4 hxg4 49. fxg4 Qxg4 50. Qg3 Qh5+ 51.
Kg1 Qd1+ 52. Kh2 Be4 53. Qf2 Qd5 54. b5 f5 55. b6 Qe6 56. Qh4 Qc6 57. Qe7+ Kg6 58.
Qxe5 Kh5 59. Qh8+ Kg6 60. Qg8+ Kf6 61. Bd4+ Ke7 62. Qg7+ Kd6 63. Qe5+ Kd7 64. Bc5 Qh6+ 65.
Kg1 Qc1+ 66. Kh2 Qh6+ 67. Kg3 Qg5+ 68. Kf2 Qxg2+ 69. Ke1 Qh1+ 70. Kd2 Qg2+ 71. Ke1 Qh1+ 72. Kd2 Qh6+ 73. Ke1 Qc1+ 74. Kf2 Qd2+ 75. Kf1 Qg2+ 76. Ke1 1/2-1/2

[Event "*** Titled Tuesday Blitz"]
[Site "Chess.com"]
[Date "2020.05.05"]
[Round "10"]
[White "Durarbayli"]
[Black "AnishGiri"]
[Result "1/2-1/2"]
[WhiteElo "2829"]
[BlackElo "3035"]
[TimeControl "180+1"]
[EndTime "12:01:28 PDT"]
[Termination "Game drawn by agreement"]

1. e4 c5 2. b3 g6 3. Bb2 Nf6 4. e5 Nd5 5. g3 Bg7 6. Bg2 Nb4 7.
Nf3 d6 8. O-O N4c6 9. Qe2 O-O 10.
Na3 Bg4 11. Nc4 d5 12. Ne3 Bxf3 13. Bxf3 e6 14. Ng4 Nd4 15. Bxd4 cxd4 16. Qb5 Qb6 17. a4 Qxb5 18. axb5 Nd7 19. Ra4 Kh8 20. h4 h5 21.
Nh2 Nxe5 22. Rfa1 d3 23. c3 a6 24. bxa6 bxa6 25. Rxa6 Rab8 26. Bd1 Rfc8 27. Ra7 Kg8 28.
Nf1 d4 29. c4 Nc6 30. Rd7 Bf8 31. f4 Bc5 32. Ra6 Nb4 33. Ra5 Nc2 34. Kf2 Rxb3 35. Rb5 Rxb5 36. cxb5 Rb8 37. Bf3 Rxb5 38. Be4 Nb4 39.
Nh2 Ra5 40. Nf3 Ra7 41. Rd8+ Kg7 42. Ne5 Be7 43. Re8 Bf6 44. Nxd3 Nxd3+ 45. Bxd3 Be7 46.
Rc8 Bb4 47. Ke2 Ra1 48. Rc4 Ba5 49. Rxd4 Rg1 50. Kf2 Rd1 51. Be2 Rxd2 52. Rxd2 Bxd2 53. Kf3 Ba5 54. Bb5 Bd8 55. Ba4 Bf6 56. Bb3 Kf8 57. Bc4 Ke7 58. Bb3 Kd6 59. Ba4 Bd8 60. Be8 Ke7 61. Ba4 Ba5 62. Bc2 Be1 63. Bb3 Bc3 64.
Ba4 Bb4 65. Bb3 Ba5 66. Bc2 Be1 67. Bb3 f6 68. Bc2 Kf7 69. Bb3 Bb4 70. Ba2 Bd6 71.
Bb3 Ba3 72. Ba2 Bc1 73. Bb3 Ke7 74. Bc2 f5 75. Bb3 Kf6 76. Bc4 Bb2 77. Bb3 e5 78.
fxe5+ Bxe5 79. Ba4 Bb2 80. Bb5 Bc1 81. Be8 Bh6 82. Kg2 f4 83. gxf4 Bxf4 84. Kh3 Bd2 85. Bc6 Be1 86. Be8 Kf5 87. Bxg6+ Kxg6 88. Kg2 1/2-1/2

[Event "*** Titled Tuesday Blitz"]
[Site "Chess.com"]
[Date "2020.05.05"]
[Round "10"]
[White "GMKrikor"]
[Black "Azatic"]
[Result "1/2-1/2"]
[WhiteElo "2841"]
[BlackElo "2643"]
[TimeControl "180+1"]
[EndTime "12:01:29 PDT"]
[Termination "Game drawn by agreement"]

1. Nf3 c5 2. c4 Nf6 3. Nc3 e6 4. g3 b6 5. Bg2 Bb7 6. O-O Be7 7. Re1 d6 8. e4 a6 9. d4 cxd4 10. Nxd4 Qc7 11. Be3 O-O 12. Rc1 Nbd7 13. g4 g6 14. f4 Rac8 15. g5 Nh5 16. f5 exf5 17. Nxf5 Ne5 18. Nd5 Bxd5 19. cxd5 Qd7 20. Rxc8 Rxc8 21. Bh3 Kf8 22. Kg2 Rc4 23. b3 Rc3 24. Ng3 Qc7 25. Nxh5 Rc2+ 26. Kh1 gxh5 27. Qxh5 Qc3 28. Re2 Qd3 29.
Rxc2 Qxe4+ 30. Rg2 Qxe3 31. Qe2 Qd4 32. Bf5 Qxd5 33.
Be4 Qd4 34. Rg1 Kg7 35. Rd1 Qc5 36. Qh5 Ng6 37. Qf3 Qxg5 38. Rf1 Qf6 39. Qxf6+ Bxf6 40. Bd3 a5 41. Rc1 Bd4 42. Rc7 Bc5 43. Bc4 Ne5 44. Bd5 Kg6 45. Kg2 f5 46. Bg8 h5 47.
h4 Kf6 48. Bd5 f4 49. Bf3 Ng4 50. Rc8 Ne3+ 51. Kh3 Ke5 52. Bxh5 d5 53. Bf3 d4 54. Re8+ Kf6 55. Rd8 Ke7 56. Rg8 d3 57. h5 d2 58. Rg1 Nf5 59. Rd1 Be3 60. Kg4 Kf6 61. Be4 Nh6+ 62. Kf3 Kg5 63. Bc2 Kxh5 64. Ke2 Ng4 65. Be4 Kg5 66. Rf1 Nf6 67. Bc2 Kg4 68. Bd1 Kf5 69. Kd3 Ke5 70. Be2 Ne4 71. Kc2 Nf2 72.
Rxf2 Bxf2 73. Kxd2 Be3+ 74. Kd3 Kd5 75. Bf3+ Kc5 76. a4 Kb4 77. Bd5 Kc5 78. Be6 b5 79.
axb5 Kxb5 80. Bd7+ Kc5 81. Ba4 Kb4 82. Ke2 Ka3 83.
Kf1 Kb4 1/2-1/2

[Event "*** Titled Tuesday Blitz"]
[Site "Chess.com"]
[Date "2020.05.05"]
[Round "10"]
[White "Glidzhian_Gor"]
[Black "EugeneRougon"]
[Result "1/2-1/2"]
[WhiteElo "2505"]
[BlackElo "2728"]
[TimeControl "180+1"]
[EndTime "12:02:04 PDT"]
[Termination "Game drawn by repetition"]

1. e4 d6 2. d4 Nf6 3. Nc3 g6 4. Nf3 Bg7 5. Bg5 O-O 6. Qd2 a6 7. O-O-O b5 8. e5 b4 9. exf6 bxc3 10.
Qxc3 exf6 11. Be3 Bb7 12. h4 h5 13. Be2 Nd7 14. Rdg1 Nb6 15. g4 hxg4 16. Rxg4 f5 17.
Rgg1 Nd5 18. Qd2 Nxe3 19. fxe3 Bh6 20. h5 g5 21. e4 Bxe4 22. Nxg5 Bxh1 23. Nxf7+ Kxf7 24. Qxh6 Qf6 25. Qh7+ Ke6 26. Rxh1 Rf7 27. d5+ Ke7 28.
Qg6 Qxg6 29. hxg6 Rg7 30. Bh5 Rh8 31. Re1+ Kf6 32. Be2 Re8 33. Kd2 Rxg6 34. Bxa6 Rxe1 35. Kxe1 Ke5 36. Bd3 Rg2 37. Kf1 Rh2 38. a4 Rh1+ 39. Ke2 Ra1 40. b3 f4 41. Kf3 Kxd5 42. Kxf4 Kc5 43. Ke4 c6 44. c3 d5+ 45. Ke3 Ra2 46.
b4+ Kd6 47. a5 Ke5 48. a6 Ra3 49. Kd2 d4 50. cxd4+ Kxd4 51. Be2 Ra2+ 52. Kd1 Ra1+ 53. Kd2 Ra2+ 54. Kd1 Ke3 55. Bc4 Ra4 56. Kc2 Rxb4 57. Kc3 Ra4 58. Kb3 Ra1 59. Kb4 Kd4 60. Be2 Rb1+ 61.
Ka5 Kc5 62. Ka4 Ra1+ 63. Kb3 Kb6 64. Bd3 Rg1 65. Kb4 Rg4+ 66. Kc3 Rg3 67. Kd4 Ka7 68. Bc4 Kb6 69. Bd3 Rh3 70. Bc4 Rh4+ 71. Kc3 Rh5 72. Kb4 Rh4 73. Kc3 c5 74. Bd3 Rh3 75. Kc4 Rh4+ 76.
Kc3 Rb4 77. Bc4 Ka7 78. Bd3 Kb6 79. Bc4 Kc6 80. Bd3 Kd5 81. Bc2 Rb6 82. Bd3 Rb4 83. Bc2 Rb5 84. Bb3+ Kd6 85. Bc4 Ra5 86. Bd3 Kd5 87.
Bc4+ Kc6 88. Bd3 Kb6 89. Bc4 Ra3+ 90. Kb2 Re3 91. Kc2 Ra3 92. Kb2 Rg3 93. Kc2 Kc6 94. Bd3 Rg4 95. Kc3 Ra4 96. Kb3 Ra1 97. Kb2 Ra5 98. Kb3 Kd5 99. Bc4+ Kd4 100. Be2 Ra1 101. Kb2 Ra4 102. Kb3 Ra5 103. Bc4 Ke3 104. Bf1 Kd4 105. Be2 Ra1 106. Kb2 Ra5 107. Kb3 1/2-1/2

[Event "*** Titled Tuesday Blitz"]
[Site "Chess.com"]
[Date "2020.05.05"]
[Round "10"]
[White "seastar"]
[Black "top_bu_tz"]
[Result "0-1"]
[WhiteElo "2054"]
[BlackElo "2200"]
[TimeControl "180+1"]
[EndTime "12:02:04 PDT"]
[Termination "top_bu_tz won on time"]

1. d4 Nf6 2. c4 g6 3. Nc3 Bg7 4. e4 d6 5. Bd3 O-O 6. Nge2 e5 7. d5 Ne8 8. O-O f5 9. exf5 gxf5 10. f4 e4 11. Bc2 a5 12. Be3 Nf6 13. h3 Qe8 14. a3 Qg6 15. Rb1 Kh8 16. Nd4 Bh6 17. b4 Rg8 18. Qd2 Qg3 19. Kh1 Nh5 20. Qf2 Qg6 21. Nce2 axb4 22. axb4 Nd7 23. Ne6 Ndf6 24. N2d4 Ra2 25. Rfc1 Nxf4 26. Nxf4 Bxf4 27. Bxf4 Nh5 28. Rg1 Qf6 29. Rbd1 Nxf4 30. Qxf4 Qg6 31. Rd2 c5 32.
dxc6 bxc6 33. Rf2 Ra3 34. Kh2 c5 35. Nxf5 Bxf5 36. Qxf5 Qg3+ 37. Kh1 Qh4 38. Qf6+ Qxf6 39. Rxf6 cxb4 40. Rxd6 b3 41. Bb1 b2 42. Bxe4 Rc3 43.
Rb1 Rxc4 44. Bd5 Rc1+ 45. Kh2 Rxb1 46. Bxg8 Kxg8 47. Rd8+ Kf7 48. Rb8 Ke6 49. Kg3 Kd5 50. Kh4 Kc4 51. g4 Kd3 52. Kh5 Rh1 53. Rxb2 Rxh3+ 54. Kg5 Ke4 55. Rb4+ Ke5 56. Rb5+ Ke6 57. Rb6+ Kf7 58. Rb7+ Kg8 59. Rb8+ Kg7 60. Rb7+ Kf8 61.
Kf6 Rf3+ 62. Kg5 Kg8 63. Rb8+ Kf7 64. Rb7+ Kg8 65. Rb8+ Kg7 66. Rb7+ Kf8 67. Rb8+ Ke7 68.
Rb7+ Kd6 69. Rxh7 Re3 70. Rh6+ Ke7 71. Rh7+ Kf8 72. Rh2 Re5+ 73. Kf4 Ra5 74. Rf2 Ra4+ 75. Kg5+ Kg7 76. Kh5 Ra5+ 77. g5 Ra1 78. Rh2 Rb1 79.
Rh4 Rb5 80. Rh1 Rb8 81. Re1 Rb2 82. Kg4 Rg2+ 83. Kh4 Rh2+ 84. Kg4 Rg2+ 85. Kf5 Rf2+ 86. Kg4 Kg6 87. Kh4 Rh2+ 88. Kg3 Rh5 89. Kg4 Rxg5+ 90. Kf4 Rf5+ 91. Kg3 Rg5+ 92. Kf2 Rf5+ 93. Ke2 Kh7 94. Kd2 Kg8 95. Rh1 Rd5+ 96. Ke3 Kf7 97. Ke4 Rd6 98. Rf1+ Ke8 99. Ke3 Re6+ 100. Kf2 Kd7 101. Kg2 Rg6+ 102. Kf2 Rf6+ 103. Ke2 Re6+ 104. Kf2 Kc6 105. Kg2 Kd5 106. Rc1 Rg6+ 107. Kf2 Ke4 108. Ke2 Rf6 109. Kd2 Rd6+ 110. Kc2 Ke3 111. Re1+ Kf2 112. Rd1 Rc6+ 113. Kb3 Ke2 0-1

[Event "*** Titled Tuesday Blitz"]
[Site "Chess.com"]
[Date "2020.05.05"]
[Round "10"]
[White "Bigfish1995"]
[Black "ChessWarrior7197"]
[Result "1-0"]
[WhiteElo "3092"]
[BlackElo "2872"]
[TimeControl "180+1"]
[EndTime "12:02:05 PDT"]
[Termination "Bigfish1995 won by checkmate"]

1. e4 c5 2. Nf3 d6 3. d4 cxd4 4. Nxd4 Nf6 5. Nc3 a6 6. Rg1 e5 7. Nb3 Be6 8. g4 d5 9. exd5 Nxd5 10. Nxd5 Bxd5 11. Be3 Nc6 12. c3 Be7 13. Bg2 Bxg2 14. Qxd8+ Kxd8 15. Rxg2 Kc7 16. f4 Rad8 17. f5 h5 18. g5 h4 19. Ke2 Rh5 20. Rf1 f6 21. Nd2 Rf8 22. Ne4 Rf7 23. Rg4 b6 24. Bf2 h3 25.
Be3 Bd8 26. Rf3 Ne7 27. c4 Nc6 28. g6 Rd7 29. Nf2 Ne7 30. Rxh3 Rxh3 31. Nxh3 Nxf5 32.
Nf2 Nxe3 33. Kxe3 f5 34. Rg2 Bf6 35. b3 Kc6 36. Ke2 e4 37. Nh3 Bc3 38. Nf4 Rd2+ 39. Ke3 Rd1 40. Nd5 Bd4+ 41. Ke2 Ra1 42. Ne7+ Kc5 43.
Nxf5 Rxa2+ 44. Kf1 Ra1+ 45. Ke2 Ra3 46. Rg4 Rxb3 47.
Rxe4 Bf6 48. Re6 Ba1 49. h4 a5 50. Re7 Rh3 51. Nxg7 Rxh4 52. Nf5 Rg4 53. g7 a4 54. Ra7 Kb4 55. Kf3 Rg1 56. Ke4 a3 57. Ne3 Bxg7 58. Nc2+ Kc5 59. Nxa3 Bb2 60. Nb5 Kxc4 61. Nd6+ Kc5 62.
Nf5 Re1+ 63. Kd3 b5 64. Rc7+ Kb6 65. Rc2 Be5 66. Rg2 Ka5 67. Ne3 Rc1 68. Rg6 Rc3+ 69.
Kd2 Ra3 70. Nd5 Ra2+ 71. Kd3 Ra1 72. Rg8 Rd1+ 73. Ke4 Re1+ 74. Kd3 Ka4 75. Re8 Rd1+ 76. Ke4 Ba1 77. Rb8 Rd4+ 78. Ke5 Rh4+ 79. Kd6 Rd4 80. Ra8+ Kb3 81. Rxa1 b4 82. Rc1 Rc4 83. Re1 Ka3 84. Ne3 Rc3 85. Kd5 b3 86. Kd4 Rc8 87. Nc4+ Kb4 88. Nd2 Rd8+ 89. Ke3 Re8+ 90. Kf2 b2 91. Rxe8 Kc3 92. Rb8 Kc2 93. Ke2 Kc3 94. Rc8+ Kb4 95.
Kd3 Ka3 96. Nb1+ Kb3 97. Kd2 Ka2 98. Kc2 Ka1 99. Ra8# 1-0

[Event "*** Titled Tuesday Blitz"]
[Site "Chess.com"]
[Date "2020.05.05"]
[Round "10"]
[White "dopolian"]
[Black "PauloCesarCosta_sad"]
[Result "1-0"]
[WhiteElo "2396"]
[BlackElo "2208"]
[TimeControl "180+1"]
[EndTime "12:02:05 PDT"]
[Termination "dopolian won on time"]

1. e4 e6 2. d4 d5 3. Nd2 Nf6 4. e5 Nfd7 5. Ngf3 c5 6. c3 Nc6 7.
Bd3 Qb6 8. dxc5 Nxc5 9. Bc2 Be7 10. O-O O-O 11. Nb3 Bd7 12. Be3 f6 13. exf6 gxf6 14.
Qd4 Nxd4 15. Bxd4 e5 16. Be3 Qc6 17. Nbd2 Kh8 18. Rac1 Rac8 19. h3 Be6 20. b3 a5 21.
Rfe1 b6 22. Kh1 Qd7 23. Bb1 Bf5 24. Red1 Bxb1 25. Nxb1 Qf5 26. Rxd5 Rfd8 27. Rxd8+ Rxd8 28. Nbd2 Nd3 29. Rf1 Bc5 30. Bxc5 Nxc5 31. Nc4 Rb8 32. Ne3 Qd3 33. c4 a4 34. Rd1 Qe2 35. Rd2 Qxd2 36.
Nxd2 axb3 37. axb3 Rd8 38. Nd5 Kg7 39. b4 Nd3 40. Ne4 Nb2 41. Nxb6 Rd1+ 42. Kh2 Rc1 43. c5 Nd3 44. Nd5 Rc4 45. Nexf6 Nxb4 46. Nxb4 Rxb4 47. Nd7 e4 48. Kg3 Rd4 49. Ne5 Rd5 50.
Kf4 Rxc5 51. Kxe4 Rc2 52. Nd3 Rc4+ 53. Ke3 Ra4 54. g4 Ra3 55. Ke4 h6 56. h4 Ra4+ 57.
Kf3 Ra3 58. Ke3 Ra4 59. f3 Ra3 60. Ke2 Ra2+ 61. Ke3 Ra3 62. Ke4 Ra4+ 63. Kf5 Ra5+ 64. Kf4 Ra4+ 65. Kg3 Ra3 66. Nf4 Ra4 67. g5 hxg5 68.
hxg5 Ra5 69. Kg4 Ra1 70. Nh5+ Kg6 71. Nf4+ Kg7 72. Nh3 Ra4+ 73. f4 Ra1 74. Nf2 Rg1+ 75. Kf5 Rf1 76. Ng4 Ra1 77. Ne5 Ra5 78. g6 Rb5 79.
Kg5 Ra5 80. Kf5 Rb5 81. Ke4 Rb4+ 82. Kf3 Rb3+ 83. Kg4 Rb1 84. Kf5 Rg1 85. Ke4 Ra1 86. f5 Ra4+ 87. Ke3 Ra3+ 88. Kf4 Ra4+ 89. Kg5 Ra1 90.
f6+ Kg8 91. f7+ Kf8 92. Nd7+ Ke7 93. f8=Q+ Kxd7 94. Qf7+ Kc6 95. Qf6+ Kc5 96. Qxa1 Kd5 97. g7 Ke4 98. g8=Q Ke3 99. Qg6 Ke2 100. Qf5 Ke3 101. Qae5+ Kd2 102. Qff4+ Kc2 103. Qfd4 Kb3 104. Qec5 1-0